 Dungeon Crawl Stone Soup version 0.23.2-30-g0e89c35 (webtiles) character file.

Game seed: 15819691501124013890

32 Dharzhak the Conjurer (level 3, -4/19 HPs)
             Began as a Deep Elf Conjurer on June 26, 2019.
             Slain by Terence
             ... wielding a +1 vampiric falchion
              (7 damage)
             ... on level 1 of the Dungeon.
             The game lasted 00:06:07 (1270 turns).

Dharzhak the Conjurer (Deep Elf Conjurer)           Turns: 1270, Time: 00:06:08

Health: -4/19      AC:  3    Str:  2 (5)  XL:     3   Next: 8%
Magic:  0/9        EV: 11    Int: 18 (20) God:
Gold:   132        SH:  0    Dex: 13 (15) Spells: 5/8 levels left

rFire    . . .     SeeInvis .   f - +0 dagger
rCold    . . .     Gourm    .   (no shield)
rNeg     . . .     Faith    .   d - +0 leather armour
rPois    .         Spirit   .   (no helmet)
rElec    .         Reflect  .   (no cloak)
rCorr    .         Harm     .   (no gloves)
MR       .....                  (no boots)
Stlth    ++........             (no amulet)
HPRegen  0.06/turn              (no ring)
MPRegen  0.11/turn              (no ring)

@: no status effects
A: no striking features
a: no special abilities


You were on level 1 of the Dungeon.
You were not hungry.

You visited 1 branch of the dungeon, and saw 2 of its levels.

You collected 132 gold pieces.

Inventory:

Hand Weapons
 f - a +0 dagger (weapon)
Armour
 a - a +0 robe
 d - a +0 leather armour (worn)
Scrolls
 e - a scroll of teleportation {unknown}
 g - a scroll of remove curse {unknown}
 h - a scroll of magic mapping {unknown}
 i - a scroll of amnesia {unknown}
 j - a scroll of enchant armour {unknown}
Comestibles
 b - 5 chunks of flesh
 c - 2 rations


   Skills:
 * Level 0.5 Armour
 + Level 2.5 Dodging
 + Level 2.7 Stealth
 * Level 3.1 Spellcasting
 + Level 5.2 Conjurations


You had 5 spell levels left.
You knew the following spells:

 Your Spells              Type           Power        Failure   Level  Hunger
a - Magic Dart            Conj           ###.         4%          1    None
b - Searing Ray           Conj           ###...       6%          2    ##.....

Your spell library contained the following spells:

 Spells                   Type           Power        Failure   Level  Hunger
 Dazzling Spray           Conj/Hex       ##....       36%         3    ###....
 Iskenderun's Mystic Bla  Conj           ###.....     38%         4    ####...
 Force Lance              Conj/Tloc      ##......     77%         4    ####...
 Fulminant Prism          Conj/Hex       ##........   77%         4    ####...


Dungeon Overview and Level Annotations

Branches:
Dungeon (2/15)

Altars:

Annotations:
D:1 Terence


Message History

Terence is almost dead.
Terence barely misses you.
You hit Terence but do no damage.
Terence is almost dead.
Terence closely misses you.
You hit Terence but do no damage.
Terence is almost dead.
Terence misses you.
You hit Terence but do no damage.
Terence is almost dead.
Terence closely misses you.
Casting: Magic Dart (safe; 4% risk of failure)
Confirm with . or Enter, or press ? or * to list all spells.
Aiming: Magic Dart (safe; 4% risk of failure)
Press: ? - help, Shift-Dir - straight line, f/p - Terence
Aim: Terence, wielding a +1 vampiric falchion and wearing a +0 scale mail (almost dead, unusually resistant)
The magic dart hits Terence but does no damage.
Terence is almost dead.
Terence hits you with a +1 vampiric falchion!
You die...

#.#
#.##.+#≈≈≈##........###)##
#.#
#..>.#.....#§.....####...#
#.#
####.≈.....≈......#.......
#.# #.≈..⌠..≈......####...#
#.# #.#.....#......# ##.##
#.# ####≈≈≈###≈≈≈#######.##
#.# #......#.....#......(.
#.# #......≈..⌠..≈..###...
#.# #....@.≈..<..≈..# ####
#.### ###....@.#.....#..#
#...# #........##≈≈≈#'..####
###.####...######...........#
#............#########.##.#
#.#########..# #.##.# #.#
######..# #.##.###
#####.####.......# #.......
.........#.####..# ####..##


You could see Terence.

Vanquished Creatures
  2 dart slugs
  A leopard gecko (D:1)
  2 giant cockroaches
  4 hobgoblins
  5 kobolds
  2 bats (D:1)
  3 frilled lizards (D:1)
  3 goblins (D:1)
  6 rats
28 creatures vanquished.

Notes
Turn   | Place    | Note
-------+----------+-------------------------------------------
     0 | D:1      | Dharzhak the Deep Elf Conjurer began the quest for the Orb.
     0 | D:1      | Reached XP level 1. HP: 10/10 MP: 6/6
   160 | D:1      | Reached XP level 2. HP: 15/15 MP: 1/8
   249 | D:1      | Learned a level 2 spell: Searing Ray
   348 | D:1      | Reached skill level 5 in Conjurations
   970 | D:2      | Reached XP level 3. HP: 19/19 MP: 7/9
  1207 | D:2      | Noticed Terence
  1270 | D:1      | Slain by Terence

Skill      XL: |  1  2 |
---------------+-------+-----
Conjurations   | 5 |  5.2
Armour         | |  0.5
Dodging        | |  2.5
Stealth        | |  2.7
Spellcasting   | |  3.1

Action                   || total
-------------------------++-------
Melee: Dagger            ||    20
 Cast: Magic Dart        ||    58
  Use: Potion            ||     1
  Eat: Chunk             ||     1
Armor: Leather armour    ||     7
Dodge: Dodged            ||    18
